 Dungeon Crawl Stone Soup version 0.26-a0-854-gdc81c2f471 (webtiles) character file.

Game seed: 2397424772029676723

22436 Gargoyl the Fighter (level 13, -2/103 HPs)
             Began as a Gnoll Abyssal Knight on Nov 23, 2020.
             Was a Priest of Lugonu.
             Slain by an elephant (11 damage)
             ... on level 1 of the Lair of Beasts.
             The game lasted 00:23:39 (16648 turns).

Gargoyl the Fighter (Gnoll Abyssal Knight)         Turns: 16648, Time: 00:23:39

Health: -2/103     AC: 24    Str: 18    XL:     13   Next: 0%
Magic:  24/24      EV: 12    Int: 16    God:    Lugonu [***...]
Gold:   734        SH:  0    Dex: 16    Spells: 27/27 levels left

rFire    . . .     SeeInvis .   a - +6 hand axe
rCold    . . .     Faith    .   (no shield)
rNeg     . . .     Spirit   .   r - +1 chain mail
rPois    +         Reflect  .   d - +2 helmet
rElec    .         Harm     .   b - +2 cloak
rCorr    .         Rampage  .   w - +2 pair of gloves {Dex+3}
MR       +....                  (no boots)
Stlth    +.........             (no amulet)
HPRegen  0.27/turn              j - ring of poison resistance
MPRegen  0.19/turn              (no ring)

@: no status effects
A: distributed training, fangs 1, talons 1, molten scales 1, clumsy 1, magic
resistance 1, strong nose
a: Depart the Abyss, Bend Space, Banish, Renounce Religion


You were on level 1 of the Lair of Beasts.
You worshipped Lugonu.
Lugonu was most pleased with you.
You visited 2 branches of the dungeon, and saw 13 of its levels.
You visited the Abyss 2 times.
You also visited: Sewer and Ossuary.

You collected 1099 gold pieces.
You spent 365 gold pieces at shops.

Inventory:

Hand Weapons
 a - a +6 hand axe (weapon)
 m - the +4 war axe of Southud {vorpal, rC++ Int+2}
   (You found it on level 1 of the Lair of Beasts)

   It inflicts extra damage upon your enemies.
   It affects your intelligence (+2).
   It greatly protects you from cold.
 t - a +8 flail of protection
 y - a +2 scimitar of flaming
Missiles
 g - 36 poisoned darts (quivered)
Armour
 b - a +2 cloak (worn)
 d - a +2 helmet (worn)
 r - a +1 chain mail (worn)
 w - a +2 pair of gloves of dexterity (worn)
Jewellery
 j - a ring of poison resistance (left hand)
Wands
 i - a wand of iceblast (13)
 l - a wand of random effects (18)
 o - a wand of polymorph (6)
 A - a wand of disintegration (10)
 B - a wand of flame (22)
Scrolls
 e - 9 scrolls of identify
 k - 4 scrolls of remove curse
 q - 3 scrolls of enchant armour
 u - 2 scrolls of fog
Potions
 c - 2 potions of cancellation
 f - 2 potions of flight
 h - 2 potions of curing
 n - 5 potions of lignification
 p - 2 potions of might
 s - 3 potions of haste
 v - 2 potions of heal wounds
 x - 2 potions of magic
 z - a potion of invisibility


   Skills:
 + Level 10.2 Fighting
 + Level 7.8 Short Blades
 + Level 7.8 Long Blades
 + Level 9.1 Axes
 + Level 7.8 Maces & Flails
 + Level 7.8 Polearms
 + Level 7.8 Staves
 + Level 7.8 Slings
 + Level 7.8 Bows
 + Level 7.8 Crossbows
 + Level 7.8 Throwing
 + Level 9.1 Armour
 + Level 8.3 Dodging
 + Level 7.8 Stealth
 + Level 7.8 Shields
 + Level 7.8 Unarmed Combat
 + Level 7.8 Spellcasting
 + Level 6.5 Conjurations
 + Level 6.5 Hexes
 + Level 6.5 Summonings
 + Level 6.5 Necromancy
 + Level 6.5 Translocations
 + Level 6.5 Transmutations
 + Level 6.5 Fire Magic
 + Level 6.5 Ice Magic
 + Level 6.5 Air Magic
 + Level 6.5 Earth Magic
 + Level 6.5 Poison Magic
 + Level 9.7 Invocations
 + Level 7.8 Evocations


You had 27 spell levels left.
You didn't know any spells.
Your spell library contained the following spells:

 Spells                   Type           Power        Failure   Level
 Foxfire                  Conj/Fire      ####         7%          1
 Freeze                   Ice            ####         7%          1
 Summon Small Mammal      Summ           ####         7%          1
 Call Imp                 Summ           ####....     11%         2
 Call Canine Familiar     Summ           ####....     22%         3
 Confusing Touch          Hex            ####....     22%         3
 Conjure Flame            Conj/Fire      ####....     22%         3
 Frozen Ramparts          Ice            ####..       22%         3
 Gell's Gravitas          Tloc           ####......   22%         3
 Inner Flame              Hex/Fire       ####....     22%         3
 Ozocubu's Armour         Ice            ####....     22%         3
 Summon Guardian Golem    Hex/Summ       ####....     22%         3
 Hailstorm                Conj/Ice       ####....     56%         4
 Petrify                  Tmut/Erth      ####....     56%         4
 Sticky Flame             Conj/Fire      ####....     56%         4
 Summon Ice Beast         Ice/Summ       ####....     56%         4
 Summon Lightning Spire   Summ/Air       ####....     56%         4
 Fireball                 Conj/Fire      ####......   89%         5
 Metabolic Englaciation   Hex/Ice        ####......   89%         5
 Yara's Violent Unravell  Hex/Tmut       ####......   89%         5


Dungeon Overview and Level Annotations

Branches:
Dungeon (11/15)            Temple (0/1) D:7            Lair (2/6) D:11
    Orc (0/2) D:11          Sewer (visited)         Ossuary (visited)
  Swamp: Lair:2-4    Shoals: Lair:2-4     Snake: Lair:2-4    Spider: Lair:2-4

Altars:
Cheibriados
Dithmenos
Fedhas
Hepliaklqana
Kikubaaqudgha
Nemelex Xobeh
Qazlal

Shops:
D:4 *   D:5 (   D:7 *:*[[   D:8 [

Annotations:
D:8 Maurice
Abyss:1 Urug


Innate Abilities, Weirdness & Mutations

Your experience applies equally to all skills.
You have very sharp teeth.
Your uncanny sense of smell can sniff out nearby items.
You have sharp toenails.
You are partially covered in molten scales. (AC +2)
You are clumsy. (Dex -2)
You are resistant to hostile enchantments. (MR+)


Message History

You slash the fungus! The elephant tramples you.
* * * LOW HITPOINT WARNING * * *
You hold your ground!
The elephant trunk-slaps you but does no damage.
Unknown command.
Your chain mail prevents you from hitting the elephant.
The elephant is severely wounded.
You hit the fungus.
A nearby fungus withers and dies.
The elephant misses you.
The elephant trunk-slaps you but does no damage.
You hit the elephant. You claw the elephant.
The elephant is almost dead.
The elephant tramples you but does no damage.
The elephant trunk-slaps you.
* * * LOW HITPOINT WARNING * * *
Unknown command.
Unknown command.
You hit the elephant. You claw the elephant.
The elephant is almost dead.
The elephant tramples you!
You die...

## ###..######...#
#...# .##
#...##.#....#####...##
..##
#............#.......#
.#.#
#....................#
...#
#...####P...#####...##
...# ##...# ##...#
#....## ...# #....#
##...# ##....# ..##
##...# #....######[..#
.## #...#
##@Y....#....## ##
##...##
#.>..........## #
#....P#
##†)######....# ##
###.....####....#
#....## .#
##...)......##..##
##...#
.###.#..###...#....P#
#...## .......##
##........## #....#
......##
##........###...##
.....#.#
###.......##....##


You could see an elephant.

Vanquished Creatures
  Gastronok (Lair:1)
  Josephine (D:10)
  A hydra (D:11)
  2 boulder beetles
  Harold (D:7)
  Erica (D:8)
  2 two-headed ogres
  An ugly thing (D:10)
  A cyclops (D:11)
  2 black mambas
  Joseph (D:7)
  A gargoyle (D:11)
  A cane toad (Lair:1)
  A komodo dragon (D:11)
  3 trolls
  5 blink frogs (Lair:1)
  Grinder (D:3)
  3 flying skulls (Abyss:1)
  Eustachio (D:5)
  6 yaks
  A vampire (D:11)
  5 wraiths
  A steam dragon (D:11)
  Edmund (D:5)
  An acid dragon (D:11)
  4 water moccasins
  5 orc warriors
  5 ice beasts
  A phantom (D:8)
  4 sky beasts
  4 black bears
  2 ogres
  4 wolves (Lair:1)
  3 centaurs
  2 big kobolds
  8 bullfrogs
  6 scorpions
  11 killer bees
  8 wights
  A quasit (Abyss:1)
  6 hounds
  A jelly (D:9)
  4 bullfrog skeletons
  7 orc priests
  4 centaur skeletons
  5 worker ants
  Ijyb (D:5)
  2 iguanas (D:7)
  17 orc wizards
  8 mummies (Ossuary)
  A howler monkey zombie (D:10)
  8 gnolls
  21 adders
  2 shadow imps
  4 white imps
  An adder skeleton (D:4)
  4 worms
  A dart slug (D:1)
  3 leopard geckos
  54 orcs
  6 giant cockroaches
  11 goblins
  7 hobgoblins
  4 jackals
  4 quokkas
  3 ball pythons
  6 bats
  4 frilled lizards
  3 gnoll zombies (Ossuary)
  A hobgoblin zombie (Ossuary)
  16 kobolds
  3 kobold zombies (Ossuary)
  2 leopard gecko skeletons
  An orc zombie (Ossuary)
  8 rats
346 creatures vanquished.

Vanquished Creatures (others)
  An adder (D:10)
  8 demonic plants (Abyss:1)
  53 fungi
  52 plants
114 creatures vanquished.

Grand Total: 460 creatures vanquished

Notes
Turn   | Place    | Note
-------+----------+-------------------------------------------
     0 | Abyss:1  | Gargoyl the Gnoll Abyssal Knight began the quest for the
                  | Orb.
     0 | Abyss:1  | Reached XP level 1. HP: 23/23 MP: 3/3
    66 | Abyss:1  | Noticed a small abomination
    67 | Abyss:1  | Noticed a small abomination
    72 | D:1      | Escaped the Abyss
   143 | D:1      | You fall into a shaft and drop 1 floor!
   146 | D:2      | Found a sparkling altar of Nemelex Xobeh.
   188 | D:1      | Reached * piety under Lugonu
   191 | D:1      | Reached XP level 2. HP: 24/29 MP: 5/5
   840 | D:2      | Reached XP level 3. HP: 34/35 MP: 6/6
   891 | D:2      | Found a shadowy altar of Dithmenos.
  1207 | D:1      | Reached skill level 1 in Short Blades
  1207 | D:1      | Reached skill level 1 in Long Blades
  1207 | D:1      | Reached skill level 1 in Maces & Flails
  1207 | D:1      | Reached skill level 1 in Polearms
  1207 | D:1      | Reached skill level 1 in Staves
  1207 | D:1      | Reached skill level 1 in Slings
  1207 | D:1      | Reached skill level 1 in Bows
  1207 | D:1      | Reached skill level 1 in Crossbows
  1207 | D:1      | Reached skill level 1 in Throwing
  1207 | D:1      | Reached skill level 1 in Stealth
  1207 | D:1      | Reached skill level 1 in Shields
  1207 | D:1      | Reached skill level 1 in Unarmed Combat
  1207 | D:1      | Reached skill level 1 in Spellcasting
  1207 | D:1      | Reached skill level 1 in Evocations
  1211 | D:1      | Reached XP level 4. HP: 30/41 MP: 7/7
  1425 | D:2      | Reached skill level 1 in Conjurations
  1425 | D:2      | Reached skill level 1 in Hexes
  1425 | D:2      | Reached skill level 1 in Summonings
  1425 | D:2      | Reached skill level 1 in Necromancy
  1425 | D:2      | Reached skill level 1 in Translocations
  1425 | D:2      | Reached skill level 1 in Transmutations
  1425 | D:2      | Reached skill level 1 in Fire Magic
  1425 | D:2      | Reached skill level 1 in Ice Magic
  1425 | D:2      | Reached skill level 1 in Air Magic
  1425 | D:2      | Reached skill level 1 in Earth Magic
  1425 | D:2      | Reached skill level 1 in Poison Magic
  1506 | D:2      | Reached XP level 5. HP: 34/47 MP: 8/8
  1946 | D:3      | Reached ** piety under Lugonu
  1984 | D:3      | Noticed Grinder
  1994 | D:3      | Paralysed by Grinder for 5 turns
  2000 | D:3      | Gained mutation: Scrolls take you a little longer to read.
                  | [potion of mutation]
  2000 | D:3      | Gained mutation: You are partially covered in molten
                  | scales. (AC +2) [potion of mutation]
  2007 | D:3      | Killed Grinder
  2008 | D:3      | Reached skill level 5 in Axes
  2008 | D:3      | Reached skill level 5 in Armour
  2008 | D:3      | Reached skill level 5 in Invocations
  2008 | D:3      | Reached XP level 6. HP: 9/53 MP: 9/9
  2405 | D:3      | Found a glowing drain.
  2423 | Sewer    | Entered a sewer
  2571 | Sewer    | Noticed a water moccasin
  2584 | Sewer    | Killed a water moccasin
  2585 | Sewer    | Reached skill level 7 in Fighting
  2585 | Sewer    | Reached XP level 7. HP: 48/60 MP: 10/10
  3446 | D:4      | Found a stormy altar of Qazlal.
  3448 | D:4      | Noticed a water elemental
  3449 | D:4      | Noticed an air elemental
  3449 | D:4      | Noticed a fire elemental
  3629 | D:4      | Found Winniut's Assorted Antiques.
  3646 | D:4      | Bought a scratched steel ring for 140 gold pieces
  3700 | D:5      | Entered Level 5 of the Dungeon
  3703 | D:5      | Noticed Eustachio
  3707 | D:5      | Reached *** piety under Lugonu
  3893 | D:5      | Killed Eustachio
  3932 | D:5      | Noticed Ijyb
  3932 | D:5      | Noticed Edmund
  4098 | D:5      | Killed Ijyb
  4252 | D:5      | Found a snail-covered altar of Cheibriados.
  4296 | D:5      | Killed Edmund
  4297 | D:5      | Reached XP level 8. HP: 12/67 MP: 12/12
  4603 | D:5      | Found Jualoicoy's Weapon Boutique.
  5070 | D:6      | Noticed a troll
  5076 | D:6      | Killed a troll
  5732 | D:6      | Reached XP level 9. HP: 73/73 MP: 14/14
  5893 | D:7      | Lost mutation: Scrolls take you a little longer to read.
                  | [potion of mutation]
  5893 | D:7      | Gained mutation: You have sharp toenails. [potion of
                  | mutation]
  5893 | D:7      | Gained mutation: You are clumsy. (Dex -2) [potion of
                  | mutation]
  5893 | D:7      | Gained mutation: You are resistant to hostile enchantments.
                  | (MR+) [potion of mutation]
  5896 | D:7      | Found Benamm's Book Emporium.
  5914 | D:7      | Found a staircase to the Ecumenical Temple.
  5950 | D:7      | Found Itumuna's General Store.
  6137 | D:7      | Noticed Harold
  6152 | D:7      | Killed Harold
  6153 | D:7      | Reached skill level 8 in Fighting
  6153 | D:7      | Reached skill level 5 in Dodging
  6177 | D:7      | Found Wighig's Antique Armour Shoppe.
  6184 | D:7      | Bought a pair of runed gloves for 225 gold pieces
  6202 | D:7      | Noticed Joseph
  6225 | D:7      | Killed Joseph
  6354 | D:7      | Found Toaqedu's Antique Armour Boutique.
  6356 | D:7      | Found Ereoni's Assorted Antiques.
  6944 | D:7      | Reached XP level 10. HP: 61/80 MP: 17/17
  7051 | D:8      | Found a sand-covered staircase.
  7057 | Ossuary  | Entered an ossuary
  7095 | Ossuary  | Reached **** piety under Lugonu
  7379 | D:8      | Noticed a two-headed ogre
  7392 | D:8      | Killed a two-headed ogre
  7393 | D:8      | Reached skill level 5 in Short Blades
  7393 | D:8      | Reached skill level 5 in Long Blades
  7393 | D:8      | Reached skill level 5 in Maces & Flails
  7393 | D:8      | Reached skill level 5 in Polearms
  7393 | D:8      | Reached skill level 5 in Staves
  7393 | D:8      | Reached skill level 5 in Slings
  7393 | D:8      | Reached skill level 5 in Bows
  7393 | D:8      | Reached skill level 5 in Crossbows
  7393 | D:8      | Reached skill level 5 in Throwing
  7393 | D:8      | Reached skill level 5 in Stealth
  7393 | D:8      | Reached skill level 5 in Shields
  7393 | D:8      | Reached skill level 5 in Unarmed Combat
  7393 | D:8      | Reached skill level 5 in Spellcasting
  7393 | D:8      | Reached skill level 5 in Evocations
  7446 | D:8      | Found Baseg's Specialty Armours.
  7587 | D:8      | Noticed Erica
  7612 | D:8      | Killed Erica
  7810 | D:8      | Noticed Maurice
  8044 | D:8      | Found a stormy altar of Qazlal.
  8044 | D:8      | Found a hazy altar of Hepliaklqana.
  9505 | D:9      | Found an ancient bone altar of Kikubaaqudgha.
  9507 | D:9      | Found a blossoming altar of Fedhas.
  9676 | D:9      | Reached ***** piety under Lugonu
  9677 | D:9      | Reached XP level 11. HP: 70/87 MP: 19/19
  9853 | D:10     | Entered Level 10 of the Dungeon
 10139 | D:10     | Reached skill level 9 in Fighting
 10140 | D:10     | Reached skill level 5 in Conjurations
 10140 | D:10     | Reached skill level 5 in Hexes
 10140 | D:10     | Reached skill level 5 in Summonings
 10140 | D:10     | Reached skill level 5 in Necromancy
 10140 | D:10     | Reached skill level 5 in Translocations
 10140 | D:10     | Reached skill level 5 in Transmutations
 10140 | D:10     | Reached skill level 5 in Fire Magic
 10140 | D:10     | Reached skill level 5 in Ice Magic
 10140 | D:10     | Reached skill level 5 in Air Magic
 10140 | D:10     | Reached skill level 5 in Earth Magic
 10140 | D:10     | Reached skill level 5 in Poison Magic
 10844 | D:11     | Noticed a white ugly thing
 10848 | D:11     | Noticed a six-headed hydra
 10861 | D:10     | Banished a white ugly thing
 11202 | D:11     | Noticed a boulder beetle
 11207 | D:11     | Noticed a red ugly thing
 11212 | D:11     | Noticed a brown ugly thing
 11226 | D:10     | Killed a red ugly thing
 11513 | D:10     | Banished a brown ugly thing
 11705 | D:10     | Killed a boulder beetle
 11913 | D:11     | Noticed a two-headed ogre
 11921 | D:11     | Noticed a cyclops
 11925 | D:11     | Killed a two-headed ogre
 12022 | D:11     | Killed a cyclops
 12098 | D:11     | Found a staircase to the Lair.
 12148 | D:11     | Noticed Josephine
 12323 | Abyss:1  | Found a corrupted altar of Lugonu.
 12427 | D:11     | Escaped the Abyss
 12434 | D:11     | Noticed a boulder beetle
 12983 | D:11     | Killed a boulder beetle
 12984 | D:11     | Reached XP level 12. HP: 63/96 MP: 22/22
 12992 | D:11     | Killed a two-headed hydra
 13482 | D:10     | Killed Josephine
 13967 | D:11     | Found a staircase to the Orcish Mines.
 14917 | D:11     | Noticed Urug
 14927 | D:11     | Banished Urug
 15158 | Lair:1   | Entered Level 1 of the Lair of Beasts
 15264 | Lair:1   | Got an iridescent war axe
 15265 | Lair:1   | Identified the +4 war axe of Southud {vorpal, rC++ Int+2}
                  | (You found it on level 1 of the Lair of Beasts)
 15372 | Lair:1   | Reached skill level 10 in Fighting
 15436 | Lair:1   | Noticed Gastronok
 15454 | Lair:1   | Killed Gastronok
 16411 | Lair:2   | Got a transparent war axe
 16510 | Lair:1   | Identified the cursed +0 war axe of World's End {freeze,
                  | rF+ Dex+2} (You found it on level 2 of the Lair of Beasts)
 16640 | Lair:1   | Reached XP level 13. HP: 22/103 MP: 24/24
 16648 | Lair:1   | Slain by an elephant

Illustrated notes

Levels and vault maps discovered:
D:1:      saegor_arrival_miasma, layout_basic
D:2:      wad_lake_hut, layout_rooms, grunt_dithmenos_smoke_and_mirrors,
          nemelex_altar_shiori
D:3:      layout_rooms, cheibrodos_sewer_entry_bend, uniq_grinder
D:4:      layout_cave_pods, serial_shops, nicolae_shop_stone,
          nicolae_qazlal_style_of_elements
D:5:      layout_basic, kennysheep_mini_moat, serial_shops,
          nicolae_shop_behind_doors, uniq_edmund, uniq_ijyb, uniq_eustachio
D:6:      layout_basic, nrook_mini_backslash, kennysheep_generic_room_13
D:7:      minmay_spotlight, layout_cave_pods, minmay_temple_entry_stoned_glass,
          serial_shops, shop, nicolae_shop_behind_doors, shop, shop_coins, shop,
          minmay_a_box_with_orc_wizards_in_it, uniq_harold, uniq_joseph
D:8:      layout_loops_corners, gammafunk_temple_overflow_pools,
          enter_ossuary_1, nicolae_barding_shop, uniq_erica, uniq_maurice
D:9:      lemuel_ice_spiral_2, layout_rooms,
          grunt_temple_overflow_growth_and_decay
D:10:     layout_grid_maze
D:11:     layout_long_grid, due_lair_maze_entry_diamond, hiddenorc2_lemuel,
          minmay_misc_feat_nine_boxes, uniq_urug, uniq_josephine
Lair:1:   layout_concentric_octagons, uniq_gastronok
Lair:2:   layout_regular_city, serial_bayou_pond_d, grunt_megastairs_2,
          lemuel_fruit_tree

Skill      XL: |  1  2  3  4  5  6  7  8  9 10 11 12 |
---------------+-------------------------------------+-----
Short Blades   | 1 2 3 4 5 6 7 |  7.8
Long Blades    | 1 2 3 4 5 6 7 |  7.8
Maces & Flails | 1 2 3 4 5 6 7 |  7.8
Polearms       | 1 2 3 4 5 6 7 |  7.8
Staves         | 1 2 3 4 5 6 7 |  7.8
Slings         | 1 2 3 4 5 6 7 |  7.8
Bows           | 1 2 3 4 5 6 7 |  7.8
Crossbows      | 1 2 3 4 5 6 7 |  7.8
Throwing       | 1 2 3 4 5 6 7 |  7.8
Stealth        | 1 2 3 4 5 6 7 |  7.8
Shields        | 1 2 3 4 5 6 7 |  7.8
Unarmed Combat | 1 2 3 4 5 6 7 |  7.8
Spellcasting   | 1 2 3 4 5 6 7 |  7.8
Evocations     | 1 2 3 4 5 6 7 |  7.8
Conjurations   | 1 2 3 4 5 6 |  6.5
Hexes          | 1 2 3 4 5 6 |  6.5
Summonings     | 1 2 3 4 5 6 |  6.5
Necromancy     | 1 2 3 4 5 6 |  6.5
Translocations | 1 2 3 4 5 6 |  6.5
Transmutations | 1 2 3 4 5 6 |  6.5
Fire Magic     | 1 2 3 4 5 6 |  6.5
Ice Magic      | 1 2 3 4 5 6 |  6.5
Air Magic      | 1 2 3 4 5 6 |  6.5
Earth Magic    | 1 2 3 4 5 6 |  6.5
Poison Magic   | 1 2 3 4 5 6 |  6.5
Dodging        | 3 4 5 6 7 8 |  8.3
Axes           | 5 6 7 8 9 |  9.1
Armour         | 5 6 7 8 9 |  9.1
Invocations    | 5 6 7 8 9 |  9.7
Fighting       | 7 8 9 10 | 10.2

Action                   |  1- 3 |  4- 6 |  7- 9 | 10-12 | 13-15 || total
-------------------------+-------+-------+-------+-------+-------++-------
Melee: Hand axe          |    75 |   165 |    98 |   162 |     8 ||   508
       Bite              |     4 |    12 |    40 |   106 |     1 ||   163
       Punch             |       |       |     6 |    22 |       ||    28
       Flail             |       |       |   159 |   659 |       ||   818
       Kick              |       |       |    30 |   276 |     4 ||   310
       Scimitar          |       |       |       |     5 |       ||     5
Throw: Dart              |       |       |     2 |    20 |       ||    22
Invok: Depart the Abyss  |     1 |       |       |     1 |       ||     2
       Banish            |       |       |       |     7 |       ||     7
       Bend Space        |       |       |       |     3 |       ||     3
       Enter the Abyss   |       |       |       |     1 |       ||     1
Evoke: Wand              |       |       |    10 |       |       ||    10
  Use: Scroll            |       |    10 |     7 |    18 |       ||    35
       Potion            |       |     5 |     2 |     6 |       ||    13
 Stab: Paralysed         |       |       |     8 |       |       ||     8
Armor: Leather armour    |    13 |       |       |       |       ||    13
       Ring mail         |    20 |    30 |       |       |       ||    50
       Chain mail        |       |   116 |   189 |   703 |     7 ||  1015
       Skin              |       |    17 |       |       |       ||    17
Dodge: Dodged            |    53 |   118 |   134 |   613 |     4 ||   922
       Rpst.: Scimitar   |       |       |       |     1 |       ||     1

Table legend: (Time is in decaauts)
 A = Elapsed time spent in this place.
 B = Non-inter-level travel time spent in this place.
 C = Inter-level travel time spent in this place.
 D = Time resting spent in this place.
 E = Time spent auto-exploring this place.
 F = Levels seen in this place.
 G = Mean time per level.
                   A        B        C        D        E       F      G
               +--------+--------+--------+--------+--------+-----+--------+
         Total |  16846 |  16347 |    499 |   4675 |   8113 |  17 |  990.9 |
       Dungeon |  14433 |  13957 |    476 |   3779 |   7165 |  11 | 1312.1 |
          Lair |   1442 |   1420 |     22 |    394 |    728 |   2 |  721.0 |
         Abyss |    342 |    342 |      0 |    198 |     51 |   2 |  171.0 |
         Sewer |    344 |    344 |      0 |    214 |     76 |   1 |  344.0 |
       Ossuary |    284 |    284 |      0 |     90 |     93 |   1 |  284.0 |
               +--------+--------+--------+--------+--------+-----+--------+

Top non-repeatable levels by time:
    D:10: 2827 daAuts
    D:11: 2047 daAuts
     D:9: 1682 daAuts
  Lair:1: 1372 daAuts
     D:8: 1252 daAuts
     D:7: 1082 daAuts
     D:6: 1018 daAuts
     D:2: 991 daAuts
     D:5: 932 daAuts
     D:4: 907 daAuts
     D:1: 877 daAuts
     D:3: 814 daAuts
   Sewer: 344 daAuts
 Abyss:1: 342 daAuts
 Ossuary: 284 daAuts
